 Dungeon Crawl Stone Soup version 0.32-a0-711-g016ad74 (webtiles) character file.

Game seed: 5236418675692037006

38960 Lovepenguin the Carver (level 13, -4/82 HPs)
             Began as a Deep Elf Fighter on Mar 15, 2024.
             Was an Elder of Okawaru.
             Slain by Saint Roka the iron giant (9 damage)
             ... on level 2 of the Orcish Mines.
             The game lasted 00:37:40 (19769 turns).

Lovepenguin the Carver (Deep Elf Fighter)          Turns: 19769, Time: 00:37:41

Health: -4/82      AC: 17    Str: 16    XL:     13   Next: 66%
Magic:  0/22       EV: 18    Int: 12    God:    Okawaru [****..]
Gold:   1296       SH:  5    Dex: 18    Spells: 12/12 levels left

rFire   + . .        a - +3 scimitar (flame)
rCold   . . .        c - +0 buckler
rNeg    . . .        p - +2 leather armour of the Hanged Man {Fly rCorr}
rPois   .            q - +2 hat
rElec   +            (no cloak)
rCorr   +            y - +1 Delatra's gloves {ID++}
SInv    .            (no boots)
Will    +++..        z - amulet of Hadil {Spirit Will++}
Stlth   +            G - ring "Pifamec" {rElec rF+ AC+4 Str+3 Int-3}
HPRegen 0.33/turn    n - +4 ring of protection
MPRegen 0.18/turn

%: guardian spirit
@: flying, hasted, very quick
A: no striking features
a: Renounce Religion, Heroism, Finesse


You were on level 2 of the Orcish Mines.
You worshipped Okawaru.
Okawaru was greatly pleased with you.
You visited 3 branches of the dungeon, and saw 18 of its levels.
You also visited: Ice Cave.

You collected 2164 gold pieces.
You spent 868 gold pieces at shops.

Inventory:

Hand Weapons
 a - a +3 scimitar of flaming (weapon)
 b - a +3 great sword of freezing
 j - the +5 hand axe of the Thirsty Wars {venom, rElec rF+ Will+ Dex+3}
   (You took it off a hobgoblin on level 2 of the Dungeon)

   Dex+3:     It affects your dexterity (+3).
   rF+:       It protects you from fire.
   rElec:     It insulates you from electricity.
   Will+:     It increases your willpower.
Missiles
 x - 2 curare-tipped darts (quivered)
 I - 4 silver javelins
Armour
 c - a +0 buckler (worn)
 p - the +2 leather armour of the Hanged Man (worn) {Fly rCorr}
   (You took it off a kobold brigand on level 9 of the Dungeon)

   Fly:       It grants you flight.
   rCorr:     It protects you from acid and corrosion.
 q - a +2 hat (worn)
 y - the +1 Delatra's gloves (worn) {ID++}
   (You found it on level 5 of the Dungeon)

   ID++:      It heals its wearer when they drink unknown potions, and restores
   their MP when they read unknown scrolls.
 N - a +3 leather armour of cold resistance
 S - a +1 robe of resistance
Jewellery
 n - a +4 ring of protection (right hand)
 z - the amulet of Hadil (around neck) {Spirit Will++}
   (You found it on level 8 of the Dungeon)

   [amulet of guardian spirit]

   Spirit:    It causes incoming damage to be divided between your reserves of
   health and magic.
   Will++:    It greatly increases your willpower.
 G - the ring "Pifamec" (left hand) {rElec rF+ AC+4 Str+3 Int-3}
   (You bought it in a shop on level 10 of the Dungeon)

   [ring of protection]

   AC+4:      It affects your AC (+4).
   Str+3:     It affects your strength (+3).
   Int-3:     It affects your intelligence (-3).
   rF+:       It protects you from fire.
   rElec:     It insulates you from electricity.
 J - a ring of willpower
 P - an amulet of regeneration
 Q - a ring of poison resistance
Wands
 e - a wand of polymorph (2)
 i - a wand of digging (3)
 r - a wand of flame (24)
 A - a wand of mindburst (1)
Scrolls
 f - 3 scrolls of revelation
 g - 2 scrolls of enchant armour
 h - 3 scrolls of silence
 m - 2 scrolls of teleportation
 s - 2 scrolls of poison
 v - 2 scrolls of fear {unknown}
 w - 3 scrolls of vulnerability {unknown}
 B - 2 scrolls of enchant weapon {unknown}
 C - 2 scrolls of immolation {unknown}
 E - 2 scrolls of fog {unknown}
Potions
 d - a potion of might
 k - a potion of mutation
 l - 3 potions of lignification
 o - 4 potions of brilliance
 t - 2 potions of magic
 u - a potion of curing
 D - 3 potions of enlightenment
 F - 3 potions of attraction
 H - a potion of invisibility
 K - a potion of ambrosia


   Skills:
 + Level 9.8 Fighting
 * Level 14.4 Long Blades
 - Level 2.4 Armour
 + Level 12.8 Dodging
 - Level 2.4 Shields
 + Level 10.5 Invocations


You had 12 spell levels left.
You didn't know any spells.
Your spell library contained the following spells:

 Spells                   Type           Power      Damage    Failure   Level
 Magic Dart               Conj           0%         1d3       47%         1
 Slow                     Hex            0%         N/A       47%         1
 Blink                    Tloc           0%         N/A       63%         2
 Mercury Vapours          Alch/Air       0%         N/A       63%         2
 Confusing Touch          Hex            0%         N/A       85%         3
 Fugue of the Fallen      Necr           0%         N/A       85%         3
 Mephitic Cloud           Conj/Alch/Air  0%         N/A       85%         3
 Ozocubu's Armour         Ice            0%         N/A       85%         3
 Sigil of Binding         Hex            0%         N/A       85%         3
 Vampiric Draining        Necr           0%         2d6       85%         3
 Ignite Poison            Fire/Alch      0%         N/A       99%         4
 Manifold Assault         Tloc           0%         N/A       99%         4
 Sticky Flame             Fire/Alch      0%         2d4       99%         4
 Freezing Cloud           Conj/Ice/Air   0%         6-21      100%        5
 Borgnjor's Revivificati  Necr           0%         N/A       100%        8
 Ignition                 Fire           0%         3d3       100%        8
 Death's Door             Necr           0%         N/A       100%        9
 Call Imp                 Summ           Unusable   N/A       N/A         2
 Death Channel            Necr           Unusable   N/A       N/A         6
 Sculpt Simulacrum        Ice/Alch       Unusable   N/A       N/A         6
 Haunt                    Necr/Summ      Unusable   N/A       N/A         7

Dungeon Overview and Level Annotations

Branches:
Dungeon (15/15) Zot: 26756  Temple (1/1) D:4 Zot: 5965    Lair (0/5) D:9
    Orc (2/2) D:12 Zot: 10780     Elf (0/3) Orc:2        Vaults (0/5) D:13
  IceCv (visited)
 Depths: D:15

Altars:
Ashenzari
Cheibriados
Dithmenos
Elyvilon
Fedhas
Gozag
Hepliaklqana
Kikubaaqudgha
Makhleb
Nemelex Xobeh
Okawaru
Qazlal
Ru
Sif Muna
Trog
Uskayaw
Vehumet
Wu Jian
Xom
Yredelemnul
Zin
The Shining One

Shops:
D:2 ?   D:4 *:   D:5 [   D:10 =

Annotations:
Orc:2 Saint Roka


Message History

Saint Roka shouts!
The orc priest shouts!
You hear a shout! x3
Saint Roka fires a harpoon shot at you. The harpoon shot hits you!
You are yanked forward by the harpoon shot.
The orc priest attacks as it pursues you!
The orc priest closely misses you.
You take 9 HP, and have [73/82] HP; You lose 2MP, and have [20/22] MP Saint Roka throws the orc at you!
The orc hits you but does no damage.
The orc sorcerer gestures at you while chanting.
The bolt of fire hits the orc priest!!
The orc priest dies!
The bolt of fire hits you. You resist.
You take 3 HP, and have [70/82] HP; You lose 1MP, and have [19/22] MP You completely miss the orc.
Saint Roka fires a harpoon shot at you. The harpoon shot hits you!!
You are yanked forward by the harpoon shot.
The orc sorcerer points at you and mumbles some strange words.
You resist with almost no effort.
You take 20 HP, and have [50/82] HP !!!!!
HP Warning !!!!!
You lose 5MP, and have [14/22] MP
Okay, then.
Okay, then.
You feel yourself speed up.
Saint Roka points at you and mumbles some strange words.
The iron shot hits you!!!
Ouch! That really hurt!
* * * LOW HITPOINT WARNING * * *
The orc closely misses you.
The orc sorcerer points at you and mumbles some strange words.
The bolt of fire misses you.
You take 46 HP, and have [4/82] HP !!!!!
HP Warning !!!!!
You lose 13MP, and have [1/22] MP
Okay, then.
Okay, then.
Saint Roka attacks as it pursues you! Saint Roka hits you!
You die...
Saint Roka roars, "Praise to Beogh!"

##.....#.............#*
#.........#...#..#.###
..................#**
....._....#.......#.##
.#.......#.#.........#
..#.....#.......#....#***
...#............##..##,,**
#................####,,.,*
....#.#........o@##.##..**
#....##........)C#....#.**
*,,,,*#.....#...o.......,****
**,,,........#..o[o#o...,,*,**
*,,,..#........<[oo$...#,,,,,*
**,,....#...............,,,,**
**,,...................,,***
****,,,,#...........##..,**
*,*,,,,,.............o#.,****


You could see Saint Roka the iron giant, 2 orc sorcerers, an orc warrior and 3
orcs.

Vanquished Creatures
  A white draconian (IceCv)
  Snorg (D:14)
  An ettin (Orc:1)
  Josephine (D:14)
  Erica (D:8)
  6 centaur warriors
  A hydra (D:14)
  A catoblepas (D:14)
  3 two-headed ogres
  An orc high priest (Orc:2)
  Urug (Orc:1)
  Sonja (D:10)
  Pikel (D:6)
  2 orc sorcerers
  A harpy (shapeshifter) (D:9)
  2 ugly things (D:12)
  2 manticores
  A cyclops (D:14)
  A meliai (shapeshifter) (D:13)
  An orc knight (D:13)
  3 kobold blastminers (Orc:1)
  2 rust devils
  2 ice statues (IceCv)
  2 gargoyles (D:8)
  An orange demon (D:9)
  Jeremiah (D:8)
  6 rime drakes
  2 komodo dragons
  3 unseen horrors
  A freezing wraith (D:14)
  4 yaktaurs (D:13)
  An unseen horror (shapeshifter) (D:14)
  5 ice devils
  Psyche (D:8)
  2 red devils
  6 trolls
  Prince Ribbit (D:6)
  A hornet (D:7)
  A hellwing (D:9)
  A wolf spider simulacrum (D:15)
  2 ynoxinuls (D:9)
  2 yaks (D:9)
  7 wraiths
  Eustachio (D:6)
  Grum (D:8)
  A basilisk (D:12)
  A warg (Orc:2)
  5 vampire mosquitoes
  A chaos spawn (D:8)
  4 acid dragons
  17 orc warriors
  2 sky beasts
  An ice beast (shapeshifter) (D:14)
  A black bear (D:6)
  4 laughing skulls (D:14)
  4 ice beasts
  A boggart (D:13)
  6 ogres
  2 wolves (D:7)
  17 centaurs
  3 lemures (D:6)
  A phantom (D:7)
  5 kobold brigands
  2 bullfrogs (D:7)
  A scorpion (D:6)
  2 gnoll sergeants (D:9)
  4 wights (D:8)
  2 lindwurm simulacra (IceCv)
  11 killer bees
  4 howler monkeys (D:7)
  2 bombardier beetles (D:5)
  8 komodo dragon simulacra (IceCv)
  A jelly (D:8)
  2 quasits (D:9)
  5 hounds
  2 gnoll boudas
  10 orc priests
  A sleepcap (D:5)
  3 iguanas
  24 orc wizards
  9 gnolls
  6 acid dragon simulacra (IceCv)
  7 adders
  A shadow imp (D:6)
  2 ufetubi (D:6)
  5 steam dragon simulacra (IceCv)
  2 dart slugs
  A ribbon worm (D:3)
  57 orcs
  4 endoplasms
  3 giant cockroaches
  6 goblins
  12 hobgoblins
  4 jackals (D:2)
  2 quokkas
  7 ball pythons
  8 bats
  5 frilled lizards
  5 kobolds
  5 rats
  A spectral goblin (D:1)
401 creatures vanquished.

Vanquished Creatures (others)
  An orc priest (Orc:2)
  3 orcs
4 creatures vanquished.

Grand Total: 405 creatures vanquished

Notes
Turn   | Place    | Note
-------+----------+-------------------------------------------
     0 | D:1      | Lovepenguin the Deep Elf Fighter began the quest for the
                  | Orb.
     0 | D:1      | Reached XP level 1. HP: 13/13 MP: 3/3
    42 | D:1      | Reached skill level 2 in Long Blades
   232 | D:1      | Reached XP level 2. HP: 18/18 MP: 4/4
   533 | D:1      | Found a faded altar of an unknown god.
   905 | D:2      | Reached XP level 3. HP: 10/22 MP: 5/5
  1010 | D:2      | Reached skill level 3 in Long Blades
  1011 | D:2      | Identified the +5 hand axe of the Thirsty Wars {venom,
                  | rElec rF+ Will+ Dex+3}
  1316 | D:2      | Found Tiuree Gieh's Magic Scroll Emporium.
  1319 | D:2      | Bought a scroll of identify for 28 gold pieces
  1383 | D:2      | Reached XP level 4. HP: 21/28 MP: 6/6
  1754 | D:2      | Bought a scroll of identify for 28 gold pieces
  1754 | D:2      | Bought a scroll of noise for 14 gold pieces
  2496 | D:4      | Found a staircase to the Ecumenical Temple.
  2518 | Temple   | Entered the Ecumenical Temple
  2535 | Temple   | Became a worshipper of Warmaster Okawaru
  2576 | D:4      | Found Okhauxkecw's Self-Published Books.
  2597 | D:4      | Reached XP level 5. HP: 32/32 MP: 7/7
  2699 | D:4      | Found Seinaewn's Mayhem Merchandise.
  2718 | D:4      | Reached skill level 4 in Long Blades
  2718 | D:4      | Reached skill level 1 in Dodging
  2761 | D:4      | Reached skill level 1 in Invocations
  3077 | D:5      | Entered Level 5 of the Dungeon
  3206 | D:5      | Noticed an orc warrior
  3281 | D:4      | Reached XP level 6. HP: 35/37 MP: 9/9
  3321 | D:5      | Found Ucevixki's Armour Emporium.
  3328 | D:5      | Reached * piety under Okawaru
  3581 | D:5      | Killed an orc warrior
  3582 | D:5      | Reached skill level 5 in Long Blades
  3582 | D:5      | Reached XP level 7. HP: 17/42 MP: 10/10
  4062 | D:5      | Found a shimmering blue altar of Sif Muna.
  4062 | D:5      | Found a snail-covered altar of Cheibriados.
  4062 | D:5      | Found a radiant altar of Vehumet.
  4310 | D:5      | Found the +1 Delatra's gloves {ID++}
  4485 | D:6      | Found a shimmering altar of Xom.
  4580 | D:6      | Noticed Eustachio
  4596 | D:6      | Killed Eustachio
  4712 | D:6      | Reached ** piety under Okawaru
  4713 | D:6      | Reached skill level 6 in Long Blades
  4713 | D:6      | Reached XP level 8. HP: 48/48 MP: 12/12
  4784 | D:6      | Noticed Prince Ribbit
  4803 | D:6      | Killed Prince Ribbit
  4911 | D:6      | Noticed Pikel
  4950 | D:6      | Killed Pikel
  4951 | D:6      | Reached skill level 5 in Fighting
  4951 | D:6      | Reached skill level 7 in Long Blades
  4951 | D:6      | Reached skill level 5 in Dodging
  5038 | D:6      | Reached skill level 5 in Invocations
  5123 | D:6      | Reached XP level 9. HP: 46/54 MP: 14/14
  6092 | D:7      | Reached *** piety under Okawaru
  6174 | D:7      | Reached skill level 8 in Long Blades
  6576 | D:7      | Paralysed by a hornet for 1 turns
  6578 | D:7      | Paralysed by a hornet for 1 turns
  6628 | D:7      | Found a glowing golden altar of the Shining One.
  6774 | D:7      | Found an ornate altar of the Wu Jian Council.
  7059 | D:7      | Found an ancient bone altar of Kikubaaqudgha.
  7548 | D:8      | Reached **** piety under Okawaru
  7549 | D:8      | Reached XP level 10. HP: 58/60 MP: 16/16
  7586 | D:8      | Noticed Erica
  7811 | D:8      | Killed Erica
  7812 | D:8      | Reached skill level 9 in Long Blades
  7893 | D:8      | Identified the amulet of Hadil {Spirit Will++}
  7921 | D:8      | Noticed Jeremiah
  7952 | D:8      | Killed Jeremiah
  8013 | D:8      | Noticed a gargoyle
  8032 | D:8      | Killed a gargoyle
  8098 | D:8      | Noticed Psyche
  8113 | D:8      | Killed Psyche
  8196 | D:8      | Noticed Grum
  8244 | D:8      | Killed Grum
  8388 | D:8      | Found a glowing silver altar of Zin.
  8718 | D:8      | Noticed a gargoyle
  8737 | D:8      | Killed a gargoyle
  8848 | D:8      | Found a stormy altar of Qazlal.
  8944 | D:9      | Found a staircase to the Lair.
  8963 | D:9      | Noticed a rust devil
  8966 | D:9      | Noticed a two-headed ogre
  8972 | D:8      | Reached skill level 10 in Long Blades
  9002 | D:8      | Killed a two-headed ogre
  9084 | D:9      | Reached XP level 11. HP: 50/67 MP: 13/19
  9105 | D:8      | Reached ***** piety under Okawaru
  9434 | D:9      | Identified the +2 leather armour of the Hanged Man {Fly
                  | rCorr}
 10154 | D:9      | Reached skill level 11 in Long Blades
 10218 | D:9      | a hornet changed into a harpy
 10218 | D:9      | Noticed a harpy (shapeshifter)
 10220 | D:9      | Killed a harpy
 10220 | D:9      | Received a gift from Okawaru
 10728 | D:10     | Entered Level 10 of the Dungeon
 10845 | D:10     | Noticed Sonja
 10851 | D:10     | Killed Sonja
 11215 | D:10     | Reached skill level 10 in Dodging
 11243 | D:10     | Found Orutua Aduk's One-of-a-Kind Rings.
 11250 | D:10     | Bought the ring "Pifamec" {rElec rF+ AC+4 Str+3 Int-3} for
                  | 798 gold pieces
 11267 | D:10     | You are sucked into a shaft and drop 3 floors!
 11342 | D:13     | Noticed a centaur warrior
 11448 | D:12     | Noticed a two-headed ogre
 11455 | D:12     | Noticed a centaur warrior
 11465 | D:12     | Killed a two-headed ogre
 11481 | D:12     | Killed a centaur warrior
 11487 | D:12     | Reached XP level 12. HP: 60/73 MP: 11/21
 11749 | D:11     | Reached skill level 12 in Long Blades
 13703 | D:12     | Noticed a two-headed ogre
 13715 | D:12     | Killed a two-headed ogre
 13716 | D:12     | Reached skill level 10 in Invocations
 14077 | D:12     | Found a staircase to the Orcish Mines.
 14388 | D:13     | Killed a centaur warrior
 14435 | D:13     | Received a gift from Okawaru
 14975 | D:13     | Noticed a centaur warrior
 14995 | D:13     | Killed a centaur warrior
 15003 | D:13     | Reached skill level 13 in Long Blades
 15252 | D:13     | Found a gate to the Vaults.
 15368 | D:13     | Noticed a centaur warrior
 15377 | D:13     | Killed a centaur warrior
 15420 | D:14     | Noticed Snorg
 15430 | D:14     | Killed Snorg
 15489 | D:14     | Noticed a centaur warrior
 15498 | D:14     | Killed a centaur warrior
 15682 | D:14     | Reached XP level 13. HP: 46/80 MP: 15/22
 16740 | D:14     | Noticed Josephine
 16758 | D:14     | Killed Josephine
 17200 | D:15     | Entered Level 15 of the Dungeon
 17381 | Orc:1    | Entered Level 1 of the Orcish Mines
 17457 | Orc:1    | Noticed an ettin
 17478 | Orc:1    | Killed an ettin
 17625 | Orc:1    | Noticed Urug
 17656 | Orc:1    | Killed Urug
 17657 | Orc:1    | Reached skill level 14 in Long Blades
 18079 | Orc:2    | Entered Level 2 of the Orcish Mines
 18079 | Orc:2    | Noticed Saint Roka
 18141 | Orc:2    | Found a radiant altar of Vehumet.
 18183 | Orc:2    | Found a frozen archway.
 18192 | IceCv    | Entered an ice cave
 18875 | IceCv    | Noticed a white draconian
 18992 | IceCv    | Killed a white draconian
 19360 | Orc:2    | Noticed an orc warlord
 19732 | Orc:2    | Saint Roka changed into Saint Roka the iron giant
 19732 | Orc:2    | Noticed Saint Roka
 19768 | Orc:2    | HP: 4/82 [Saint Roka the iron giant/iron shot (46)]
 19769 | Orc:2    | Slain by Saint Roka the iron giant

Illustrated notes

Levels and vault maps discovered:
D:1:      evilmike_arrival_crescent, layout_loops_ring,
          dreamdust_ecumenical_altar_drowned_temple, minmay_misc_feat_doors,
          corexii_item_surrounded_by_moat
D:2:      layout_basic, serial_shops, nicolae_shop_tiny_real_fake_doors,
          minmay_tree_intersection, reono_crystal_passage
D:3:      layout_basic
D:4:      layout_basic, temple_pool_b, nicolae_custom_books, minmay_shop_mayhem
D:5:      layout_cave_pods, gammafunk_temple_overflow_forgotten,
          nicolae_stop_n_shop_2, grunt_decor_one_mirror,
          pf_guarded_unrand_delatra
D:6:      layout_layer_cave, mainiacjoe_overflow_cross_hatched, minivault_5,
          uniq_prince_ribbit1, uniq_pikel, uniq_eustachio
D:7:      layout_loops_ring, nicolae_tso_carved_into_rock,
          mainiacjoe_overflow_alcove_2, mainiacjoe_overflow_small_starburst,
          eino_jars
D:8:      cheibrodos_statue_roulette, layout_rooms, amcnicky_altar_gilded,
          zin_statuary, uniq_psyche, uniq_jeremiah, uniq_erica, uniq_grum
D:9:      hangedman_cross_stitches, layout_cave_pools, serial_demonic,
          serial_demonic_c, serial_demonic_b, serial_demonic_d,
          serial_demonic_b, serial_demonic_a, serial_demonic_e,
          serial_demonic_c, serial_demonic_b, serial_demonic_d,
          serial_demonic_f, kennysheep_generic_room_4
D:10:     layout_long_grid, nicolae_shop_unique_rings, uniq_sonja
D:11:     layout_cave_pods, nicolae_sextant
D:12:     layout_stronghold, orc_0_dummy
D:13:     layout_roguey, hangedman_vaults_entry_quadrant_bands
D:14:     layout_basic, hex_tiny, uniq_josephine, uniq_snorg
D:15:     grunt_enter_depths_magical_seal, layout_stronghold, serial_ice,
          serial_ice_c, serial_ice_o, serial_ice_a, serial_ice_f, serial_ice_m,
          serial_ice_k, serial_ice_n, serial_ice_b,
          chequers_serial_rivers_marsh, grunt_ministairs_8, uniq_louise,
          uniq_agnes
Temple:   compressed_dpeg_triangle_lava_temple
Orc:1:    layout_caves, uniq_urug
Orc:2:    grunt_orc_cross, layout_caves, portal_ice_cave_rime, basic_altar,
          serial_shops, nicolae_shop_stone, uniq_saint_roka

Skill      XL: |  1  2  3  4  5  6  7  8  9 10 11 12 13 |
---------------+----------------------------------------+-----
Long Blades    | 2 3 4 5 6 7 8 10 11 13 14 | 14.4
Fighting       | 3 4 5 6 7 8 9 |  9.8
Dodging        | 1 2 4 5 7 8 10 11 12 | 12.8
Invocations    | 1 2 3 5 6 8 9 10 | 10.5
Armour         | |  2.4
Shields        | |  2.4

Action                     |  1- 3 |  4- 6 |  7- 9 | 10-12 | 13-15 || total
---------------------------+-------+-------+-------+-------+-------++-------
  Melee: Long sword        |    96 |       |       |       |       ||    96
         Hand axe          |    15 |    91 |   272 |       |       ||   378
         Scimitar          |       |       |     6 |   663 |   334 ||  1003
         Short sword       |       |       |       |     3 |       ||     3
         Great sword       |       |       |       |       |     3 ||     3
  Throw: Dart              |       |       |       |     5 |     2 ||     7
 Invoke: Heroism           |       |     1 |     6 |    22 |    13 ||    42
         Finesse           |       |       |       |     2 |     4 ||     6
  Evoke: Wand              |       |    14 |     4 |     9 |     2 ||    29
    Use: Potion            |     1 |       |     3 |     7 |     2 ||    13
         Scroll            |       |     5 |     7 |     7 |     5 ||    24
   Stab: Sleeping          |     1 |     2 |       |       |       ||     3
         Distracted        |       |       |     1 |       |       ||     1
         Invisible         |       |       |       |     5 |       ||     5
 Armour: Scale mail        |    43 |       |       |       |       ||    43
         Leather armour    |    38 |    34 |   119 |   376 |   157 ||   724
  Dodge: Dodged            |    55 |    90 |   268 |   661 |   197 ||  1271
  Block: Buckler           |    24 |    23 |    76 |   197 |    54 ||   374

Table legend: (Time is in decaauts)
 A = Elapsed time spent in this place.
 B = Non-inter-level travel time spent in this place.
 C = Inter-level travel time spent in this place.
 D = Time resting spent in this place.
 E = Time spent auto-exploring this place.
 F = Levels seen in this place.
 G = Mean time per level.
                   A        B        C        D        E       F      G
               +--------+--------+--------+--------+--------+-----+--------+
         Total |  19719 |  18743 |    976 |   1826 |  12992 |  19 | 1037.8 |
       Dungeon |  17432 |  16602 |    830 |   1383 |  11980 |  15 | 1162.1 |
        Temple |     34 |      2 |     32 |      0 |      0 |   1 |   34.0 |
  Orcish Mines |   1218 |   1105 |    113 |    174 |    505 |   2 |  609.0 |
      Ice Cave |   1033 |   1033 |      0 |    267 |    507 |   1 | 1033.0 |
               +--------+--------+--------+--------+--------+-----+--------+

Top non-repeatable levels by time:
    D:14: 1881 daAuts
     D:8: 1855 daAuts
     D:7: 1769 daAuts
     D:6: 1623 daAuts
    D:12: 1469 daAuts
    D:13: 1192 daAuts
    D:10: 1144 daAuts
     D:5: 1104 daAuts
     D:9: 1054 daAuts
   IceCv: 1033 daAuts
     D:2: 1000 daAuts
     D:4: 938 daAuts
   Orc:1: 882 daAuts
    D:11: 874 daAuts
     D:1: 818 daAuts
